 Dungeon Crawl Stone Soup version 0.31-a0-1178-gc5c9b8f871 (webtiles) character file.

Game seed: 8015348824906751359

63 qw the Shooter (level 4, 0/42 HPs)
             Began as a Gargoyle Hunter on Dec 11, 2023.
             Slain by Grinder (2 damage)
             ... on level 3 of the Dungeon.
             The game lasted 00:00:26 (1446 turns).

qw the Shooter (Gargoyle Hunter)                    Turns: 1446, Time: 00:00:27

Health: 0/42       AC:  9    Str: 15    XL:     4   Next: 9%
Magic:  4/4        EV: 11    Int:  9    God:
Gold:   137        SH:  0    Dex: 15    Spells: 3/3 levels left

rFire   . . .        a - +0 shortbow
rCold   . . .        (shield currently unavailable)
rNeg    + . .        b - +0 ring mail
rPois   inf          (no helmet)
rElec   +            (no cloak)
rCorr   .            h - +0 pair of gloves
SInv    .            (no boots)
Will    .....        (no amulet) Stlth
                     (no ring)
HPRegen 0.27/turn    (no ring)
MPRegen 0.09/turn

%: no passive effects
@: berserking (expiring), very quick
A: sickness immunity, AC +3, negative energy resistance 1, electricity
resistance, torment resistance 1, petrification resistance
a: no special abilities


You were on level 3 of the Dungeon.
You visited 1 branch of the dungeon, and saw 3 of its levels.

You collected 137 gold pieces.


Innate Abilities, Weirdness & Mutations

You are immune to sickness and miasma.
Your stone body is resilient. (AC +3)
You are immune to poison.
You resist negative energy. (rN+)
You are resistant to electric shocks. (rElec)
You are resistant to unholy torment.
You are immune to petrification.


   Skills:
 - Level 3.0 Fighting
 + Level 5.0 Ranged Weapons
 - Level 1.1 Armour
 - Level 1.5 Dodging
 - Level 1.1 Stealth


You had 3 spell levels left.
You didn't know any spells.
Your spell library was empty.

Inventory:

Hand Weapons
 a - a +0 shortbow (weapon)
Armour
 b - a +0 ring mail (worn)
 h - a +0 pair of gloves (worn)
Potions
 d - a potion of enlightenment
 f - a potion of lignification {unknown}
 g - a potion of curing {unknown}
 k - a potion of invisibility {unknown}

Dungeon Overview and Level Annotations

Branches:
Dungeon (3/15)

Altars:

Annotations:
D:3 Grinder


Message History

A goblin comes into view. It is wielding a +0 club.
You shoot an arrow. The goblin shouts!
The arrow hits the gnoll!
You kill the gnoll!
You shoot an arrow. The arrow completely misses the gnoll.
The arrow barely misses Grinder.
The arrow hits the goblin.
The goblin is severely wounded.
The gnoll completely misses you.
You shoot an arrow. The arrow barely misses the gnoll.
The arrow barely misses Grinder.
The arrow barely misses the goblin.
The gnoll hits you but does no damage.
You shoot an arrow. The arrow hits the gnoll.
The gnoll is severely wounded.
The gnoll closely misses you.
You shoot an arrow. The arrow hits the gnoll.
The gnoll is severely wounded.
The gnoll barely misses you. The gnoll hits you with a +0 flail!
You shoot an arrow. The arrow hits the gnoll!
You kill the gnoll!
Your Fighting skill increases to level 3!
You have reached level 4!
You feel stronger.
You shoot an arrow.
The arrow hits Grinder but does no damage.
Grinder hits you.
You writhe in agony.
You shoot an arrow. The arrow hits Grinder!
Grinder is moderately wounded.
Grinder hits you.
You writhe in agony.
Grinder gestures at you. Pain shoots through your body!
1443 ||| DRINKING puce potion.
It was a potion of berserk rage.
A red film seems to cover your vision as you go berserk!
You feel yourself moving faster!
You feel mighty! Grinder closely misses you.
You feel a strong urge to attack something.
Grinder barely misses you.
You feel your anger nearly subside. Grinder hits you.
You writhe in agony.
You die...
Grinder says, "Hey, I wasn't done torturing you yet!"

#
....###################
....)g5@.(............#
###.#################.#
#.# #.# #.# #.#
#########.##
#......#....
.#......#....


You could see Grinder and a goblin.

Vanquished Creatures
  3 gnolls (D:3)
  2 dart slugs (D:2)
  2 endoplasms (D:1)
  A giant cockroach (D:1)
  3 hobgoblins
  4 jackals (D:1)
  2 kobolds (D:2)
  2 quokkas
  3 ball pythons
  3 frilled lizards
  2 goblins
27 creatures vanquished.

Notes
Turn   | Place    | Note
-------+----------+-------------------------------------------
     0 | D:1      | qw the Gargoyle Hunter began the quest for the Orb.
     0 | D:1      | Reached XP level 1. HP: 12/12 MP: 1/1
     0 | D:1      | 0 ||| qw: Version: 0.3-a-106-g2cfff9e
     0 | D:1      | 0 ||| qw: Game counter: 2011
     0 | D:1      | 0 ||| qw: Melee chars always use a shield: true
     0 | D:1      | 0 ||| qw: God list: Okawaru
     0 | D:1      | 0 ||| qw: Allow faded altars: false
     0 | D:1      | 0 ||| qw: Do Orc after clearing Dungeon:15 true
     0 | D:1      | 0 ||| qw: Do second Lair branch before Depths: true
     0 | D:1      | 0 ||| qw: Lair rune preference: random
     0 | D:1      | 0 ||| qw: Goals: Normal, Save, Zot:1-4, Win
     0 | D:1      | 0 ||| PLANNING D:1-11
   201 | D:1      | Reached XP level 2. HP: 17/17 MP: 2/2
   323 | D:1      | Found a faded altar of an unknown god.
   780 | D:1      | 780 ||| UPGRADING to +0 pair of gloves.
   785 | D:1      | 785 ||| READING scroll labelled CAYGOO FAUPTEY.
   790 | D:1      | 790 ||| DROPPING scroll of butterflies.
  1097 | D:2      | Reached XP level 3. HP: 20/21 MP: 3/3
  1137 | D:2      | Reached skill level 5 in Ranged Weapons
  1354 | D:2      | 1354 ||| UPGRADING to +0 ring mail.
  1364 | D:2      | 1364 ||| DROPPING +0 leather armour.
  1365 | D:2      | 1365 ||| READING scroll labelled QEUTSA EGUKHO.
  1365 | D:2      | 1365 ||| IDENTIFYING fizzy purple potion
  1366 | D:2      | 1366 ||| READING scroll labelled IRHYRH LIOJU.
  1427 | D:3      | Reached skill level 1 in Armour
  1431 | D:3      | Noticed Grinder
  1441 | D:3      | Reached skill level 3 in Fighting
  1441 | D:3      | Reached XP level 4. HP: 19/28 MP: 4/4
  1442 | D:3      | HP: 2/28 [Grinder/nerve-wracking pain (7)]
  1443 | D:3      | 1443 ||| DRINKING puce potion.
  1446 | D:3      | Slain by Grinder

Levels and vault maps discovered:
D:1:      elethiomel_arrival_maze, layout_basic,
          shapermc_ecumenical_altar_hornbeckon, minmay_gold_behind_fungi
D:2:      layout_loops_ring
D:3:      layout_basic, ebering_ghost_disaster_area, uniq_grinder, uniq_terence

Skill      XL: |  1  2  3 |
---------------+----------+-----
Ranged Weapons | 5 |  5.0
Armour         | 1 |  1.1
Fighting       | 3 |  3.0
Dodging        | |  1.5
Stealth        | |  1.1

Action                     |  1- 3 |  4- 6 || total
---------------------------+-------+-------++-------
   Fire: Shortbow          |    93 |     2 ||    95
    Use: Scroll            |     3 |       ||     3
         Potion            |       |     1 ||     1
 Armour: Leather armour    |    22 |       ||    22
         Ring mail         |     2 |     3 ||     5
  Dodge: Dodged            |    39 |     2 ||    41

Table legend:
 A = Non-vault XP
 B = Vault XP
 C = Vault XP percentage of total XP
 D = Non-vault monster count
 E = Vault monster count
 F = Vault count percentage of total count
                 A         B        C        D         E       F
            +---------+---------+-------+---------+---------+-------
      Total |      90 |       0 |   0.0 |      27 |       0 |   0.0
            +---------+---------+-------+---------+---------+-------
        D:1 |      22 |       0 |   0.0 |      12 |       0 |   0.0
        D:2 |      21 |       0 |   0.0 |      10 |       0 |   0.0
        D:3 |      47 |       0 |   0.0 |       5 |       0 |   0.0
            +---------+---------+-------+---------+---------+-------
